Map: Deathaura LE

Players

A.I. 1 (Very Easy)

  • Race: Protoss Protoss
  • Spawn Location: 11:00

Duke - Winner!

  • Race: Terran Terran
  • League: Diamond
  • Spawn Location: 5:00

VOD

Have the link to the VOD?

Description

Time

  • Played on: Feb. 12, 2021, 12:36 p.m.
  • Length: 11:00
Show
View Real Time Build Order
Export as new Build Order

A.I. 1 (Very Easy) Protoss 

Build Orders:  

Get SALT Encoding   

  12  0:00  Probe  
  13  0:13  Probe  
  14  0:20  Pylon  
  14  0:36  Assimilator  
  14  0:43  Gateway  
  14  0:46  Pylon  
  14  1:14  Assimilator  
  14  1:15  Probe  
  14  1:24  Probe  
  15  1:32  Probe  
  16  1:34  Cybernetics Core  
  17  1:42  Probe  
  18  1:54  Probe  
  18  2:00  Warp Gate  
  19  2:02  Probe  
  20  2:13  Stalker  
  22  5:31  Probe  
  22  5:34  Zealot  
  25  5:36  Pylon  
  25  5:39  Robotics Facility, Probe  
  25  5:49  Probe  
  27  6:01  Probe  
  28  6:06  Pylon  
  28  6:12  Probe  
  27  6:27  Zealot  
  27  6:28  Observer  
  30  6:50  Observer  
  31  7:06  Nexus  
  31  7:20  Stalker  
  33  8:19  Probe  
  34  8:24  Probe  
  34  8:25  Assimilator  
  35  8:28  Assimilator  
  35  8:31  Probe  
  36  8:36  Probe  
  37  8:43  Probe  
  38  8:55  Probe  
  39  9:02  Probe  
  40  9:09  Probe  
  41  9:14  Probe  
  42  9:22  Probe  
  43  9:26  Probe  
  44  9:34  Probe  
  45  9:45  Probe  
  46  9:52  Probe  
  47  9:59  Probe  
  48  10:12  Zealot  
  44  10:14  Observer  
  44  10:23  Probe  
  44  10:26  Pylon  
  30  10:31  Probe  
  24  10:39  Probe  
Show
View Real Time Build Order
Export as new Build Order

Duke Terran - Winner!

Build Orders:  

Get SALT Encoding   

  12  0:00  SCV  
  13  0:12  SCV  
  14  0:17  Supply Depot  
  14  0:24  SCV  
  15  0:39  Barracks, SCV  
  16  0:44  Refinery  
  16  0:51  SCV  
  17  1:03  SCV  
  18  1:15  SCV  
  19  1:26  Marine  
  19  1:27  Orbital Command  
  20  1:37  Command Center  
  20  1:44  Marine  
  21  1:47  Supply Depot  
  21  1:53  SCV  
  22  1:56  Refinery  
  22  2:02  Marine  
  23  2:08  Barracks  
  23  2:11  SCV  
  24  2:20  Barracks Reactor  
  24  2:22  Factory  
  24  2:25  SCV  
  25  2:37  SCV  
  26  2:49  SCV  
  26  2:50  Orbital Command  
  27  2:51  Refinery  
  27  2:56  Barracks Tech Lab  
  27  2:57  Marine x2  
  29  3:01  SCV  
  30  3:09  Starport, Factory Reactor  
  30  3:14  SCV  
  30  3:15  Marine x2  
  30  3:16  Marine  
  34  3:21  SCV  
  34  3:26  SCV  
  36  3:27  Stimpack  
  36  3:31  Supply Depot  
  36  3:33  Marine x2  
  38  3:35  Marine  
  38  3:39  SCV  
  38  3:40  SCV  
  41  3:51  Marine x2, SCV  
  41  3:52  SCV  
  41  3:54  Supply Depot  
  41  3:55  Marine  
  46  4:00  Medivac x2  
  50  4:03  SCV  
  50  4:04  SCV  
  50  4:08  Marine, Factory Tech Lab  
  50  4:09  Marine  
  54  4:15  Marine  
  54  4:16  Supply Depot  
  55  4:21  SCV x2  
  57  4:26  Marine  
  57  4:27  Marine, Siege Tank  
  57  4:30  Engineering Bay  
  62  4:37  Marine  
  62  4:38  SCV x2  
  65  4:39  Supply Depot  
  65  4:44  Marine  
  65  4:45  Marine  
  67  4:50  SCV  
  67  4:51  SCV  
  69  4:55  Command Center  
  69  4:56  Marine  
  69  4:59  Refinery  
  70  5:01  Terran Infantry Weapons Level 1  
  70  5:05  Supply Depot  
  70  5:06  Combat Shield  
  70  5:08  SCV  
  70  5:09  SCV  
  70  5:12  Marine x2  
  74  5:15  Marauder  
  74  5:20  SCV  
  77  5:21  SCV  
  77  5:27  Supply Depot  
  77  5:28  Barracks  
  78  5:29  Barracks  
  78  5:30  Marine  
  78  5:31  Marine  
  78  5:33  Starport Tech Lab  
  80  5:35  SCV  
  80  5:36  SCV  
  80  5:39  Supply Depot  
  82  5:43  Marauder  
  82  5:48  Marine, SCV  
  82  5:49  Marine, SCV  
  88  5:51  Raven  
  90  6:00  SCV  
  90  6:01  SCV  
  92  6:04  Armory, Marauder  
  92  6:06  Refinery  
  94  6:12  Marine x2, SCV  
  94  6:14  SCV  
  94  6:16  Refinery  
  98  6:19  Marine x2  
  98  6:20  Marauder  
  98  6:21  Supply Depot, Factory Reactor  
  102  6:26  Orbital Command  
  102  6:27  SCV  
  102  6:28  SCV  
  102  6:32  Marine x2  
  106  6:34  Marauder  
  109  6:40  Marine x2, SCV  
  109  6:44  Supply Depot  
  113  6:48  SCV  
  113  6:51  Marine x2  
  113  6:53  Terran Vehicle Weapons Level 1  
  113  6:54  SCV x2  
  118  6:56  Terran Infantry Weapons Level 2  
  119  7:01  SCV  
  119  7:02  Marine x2  
  119  7:04  Marauder x2  
  119  7:07  Supply Depot  
  123  7:09  Marine, Supply Depot  
  123  7:10  Marine  
  123  7:13  Medivac  
  123  7:14  Medivac  
  129  7:17  SCV x3  
  129  7:20  Marine, Supply Depot  
  133  7:29  Marine, Siege Tank, Marauder x2  
  141  7:30  Marine x2  
  141  7:32  Supply Depot  
  143  7:38  Marine  
  143  7:39  Command Center  
  144  7:45  Supply Depot  
  144  7:46  Marine  
  144  7:48  Marine x2  
  144  7:51  Marauder x2  
  151  7:56  Marine, Barracks  
  151  7:57  Barracks  
  152  7:59  Supply Depot  
  152  8:00  Medivac x2  
  152  8:04  Marine  
  157  8:06  Siege Tank  
  157  8:10  Supply Depot  
  157  8:12  Marine, Marauder x2  
  164  8:13  Marine  
  164  8:14  Marine  
  167  8:22  Marine, Supply Depot  
  168  8:30  Marine  
  168  8:31  Marine x2, Medivac  
  168  8:32  Medivac  
  168  8:34  Supply Depot, Marauder x2  
  179  8:40  Marine, Siege Tank  
  183  8:43  Barracks Reactor  
  183  8:44  Barracks Reactor  
  183  8:47  SCV x3  
  186  8:49  Marine x2  
  186  8:52  Marine  
  186  8:54  Refinery, Orbital Command  
  186  8:55  Refinery  
  189  8:57  Marauder  
  189  8:59  Marauder  
  189  9:02  Medivac  
  195  9:04  Marine  
  195  9:05  SCV x3  
  195  9:08  Marine  
  200  9:18  Factory  
  200  9:23  Missile Turret x2  
  200  9:26  Missile Turret  
  200  9:28  Missile Turret x2  
  200  9:29  Missile Turret  
  200  9:31  Missile Turret  
  200  9:32  Missile Turret  
  200  9:42  Barracks  
  200  9:43  Starport, Barracks  
  200  9:52  Factory  
  200  10:02  Supply Depot  
  200  10:07  Supply Depot x2  
  200  10:08  Supply Depot  
  200  10:10  Factory Tech Lab  
  200  10:22  Starport Reactor  
  200  10:28  Command Center  
  200  10:31  Barracks Tech Lab x2  
  200  10:32  Ghost Academy  
  200  10:43  Sensor Tower  
  200  10:46  Sensor Tower  
Tags
 
League
Diamond
Matchup
PvT
Spawn Locations
Cross Positions
Add a new tag
Caveats
  • Supply blocks, unpowered buildings, or Contaminate may cause inaccurate times.
  • Supply counts are checked every 10 seconds.